woodfighter, neutral female human Wizard ---- ---------..--- |.......).@..--- |.......|q`.`..| ---------|q.u.`.| |.....^^<|...`..| |(.--------.----- --....%..|.....| |..|..>.......| ---|....|.....| ------------ woodfighter the Thaumaturge Experience level: 6 Strength: 10 Dexterity: 14 Constitution: 15 Intelligence: 19 Wisdom: 12 Charisma: 12 Health: 0(45) Energy: 44(65) Def: 1 Gold: 0 Moves: 4931 Dungeon seed: taLtQRbugxMfvBjZ Game ID: woodfighter_1455498211 Your Inventory: Amulets T - an uncursed amulet of strangulation Weapons a - a blessed +1 quarterstaff (weapon in hands) Armor e - an uncursed +0 cloak of magic resistance (being worn) Comestibles b - an uncursed banana o - 3 uncursed food rations Z - an uncursed lichen corpse Scrolls f - a cursed scroll of confuse monster Rings S - an uncursed ring of conflict Wands B - a wand of teleportation (0:4) J - a wand of digging (0:4) K - a wand of light (0:11) W - a wand of digging (0:7) Tools c - an uncursed skeleton key g - a +0 unicorn horn p - an uncursed stethoscope X - a +0 unicorn horn Spells and supernatural/magical abilities: Name Level Category Fail Memory a - force bolt 1 attack 0% 76% m - magic missile 2 attack 0% 95% S - stone to flesh 3 healing 71% 76% W - pray for help -- divine ? -- Your skills at the end: Miscellaneous Skills wands [Basic] Weapon Skills quarterstaff [Basic] Spellcasting Skills attack spells [Basic] enchantment spells [Basic] Final Attributes: You were devoutly aligned. You were poison resistant. You were magic-protected. You are dead. Vanquished creatures: a large mimic 2 small mimics 2 leprechauns 2 black unicorns a rope golem 2 Woodland-elves a bugbear a violet fungus a ghoul a dwarf 2 homunculi 3 rothes a werejackal 2 gas spores 2 hobbits an acid blob 2 large kobolds 5 geckos 2 hobgoblins 3 giant rats 2 cave spiders a brown mold 4 yellow molds a green mold a red mold 2 gnomes 2 gnome zombies 8 jackals 2 foxes 2 kobolds 8 newts a goblin 5 grid bugs a bat 6 lichens 83 creatures vanquished. Voluntary challenges: You did not adorn yourself with jewelry or accessories. You had been an atheist until turn 4155. You used a wielded weapon 52 times, starting on turn 87. You did not apply a unicorn horn. You read items or engraved 2 times, starting on turn 3835. You never genocided any monsters. You never polymorphed an object. You never changed form. You used no wishes. You never split a pudding. You never wrote Elbereth's name. You never violated your personal moral code. Dungeon overview: The Dungeons of Doom: levels 1 to 9 Level 1 (vault) a fountain a long staircase Level 2 a general store Level 3 some fountains Level 4 stairs to The Gnomish Mines Level 5 a potion shop, a fountain Level 6 a general store, a fountain Level 7 many fountains Level 8 stairs to Sokoban Level 9 The Gnomish Mines: Level 5 stairs to The Dungeons of Doom Sokoban: Level 7 <- You were here a magic chest stairs to The Dungeons of Doom History has recorded: On T:1 you entered the Dungeons of Doom to retrieve the Amulet of Yendor! On T:63 you reached level 2 of The Dungeons of Doom. On T:297 you advanced to experience level 2. On T:679 you reached level 3 of The Dungeons of Doom. On T:991 you advanced to experience level 3. On T:1209 you reached level 4 of The Dungeons of Doom. On T:1569 you reached level 1 of The Gnomish Mines. On T:1691 you reached level 5 of The Dungeons of Doom. On T:1953 you advanced to experience level 4. On T:2332 you advanced to experience level 5. On T:2485 you reached level 6 of The Dungeons of Doom. On T:2560 you reached level 7 of The Dungeons of Doom. On T:2968 you advanced to experience level 6. On T:3364 you reached level 8 of The Dungeons of Doom. On T:3535 you reached level 9 of The Dungeons of Doom. On T:3758 you reached level 4 of Sokoban. On T:3820 you opened a magic chest. On T:3829 you opened a magic chest. On T:3830 you opened a magic chest. On T:3841 you opened a magic chest. Score breakdown: Gold: 0 ( 0 points) Experience: 6 levels ( 500 points) Exploration: 9 levels ( 240 points) Discoveries: 2 items ( 100 points) Variety of kills: 35 monsters ( 1750 points) Major goal: (nothing yet) ( 0 points) Survival: died (score multiplied by 3) Total score: 7770 Latest messages: The missiles bounce off! You put 57 gold pieces into the magic chest. You put a wand of nothing (0:7) into the magic chest. You put a scroll called earth into the magic chest. (2x) You put a scroll of identify into the magic chest. You put a scroll labeled THARR into the magic chest. You put a scroll labeled KERNOD WEL into the magic chest. You put an uncursed spellbook of stone to flesh into the magic chest. You put a blessed spellbook of force bolt into the magic chest. You put a gold spellbook into the magic chest. You put a leather-bound spellbook into the magic chest. You put a brilliant blue potion into the magic chest. You put 3 milky potions into the magic chest. You put a potion of oil into the magic chest. You put 2 clear potions into the magic chest. (2x) You put a cloudy potion into the magic chest. Your movements are now unencumbered. The rothe claws you! The rothe bites! (2x) You die... Final status: Goodbye woodfighter the Wizard, killed by a rothe... You died in Sokoban on dungeon level 7 with 7770 points, and 0 pieces of gold, after 4931 moves. You were level 6 with a maximum of 45 hit points when you died.